 Dungeon Crawl Stone Soup version 0.27.0-1-g7a089689b8 (webtiles) character file.

Game seed: 6537799524708584912

145 freelancePsychic the Skirmisher (level 5, -1/54 HPs)
             Began as an Ogre Warper on Aug 12, 2021.
             Slain by a river rat (4 damage)
             ... on level 3 of the Dungeon.
             The game lasted 00:05:46 (2184 turns).

freelancePsychic the Skirmisher (Ogre Warper)       Turns: 2184, Time: 00:05:47

Health: -1/54      AC:  3    Str: 15    XL:     5   Next: 27%
Magic:  8/8        EV:  9    Int: 17    God:
Gold:   88         SH:  0    Dex:  8    Spells: 8/8 levels left

rFire    . . .     SeeInvis .   j - +2 dagger (elec)
rCold    . . .     Faith    .   (no shield)
rNeg     . . .     Spirit   .   b - +0 robe
rPois    .         Reflect  .   (helmet restricted)
rElec    +         Harm     .   (no cloak)
rCorr    .         Rampage  .   (gloves unavailable)
Will     .....                  (boots unavailable)
Stlth    +.........             (no amulet)
HPRegen  0.18/turn              (no ring)
MPRegen  0.11/turn              (no ring)

@: attractive, hasted, very quick
A: large, unfitting armour, tough skin 1, hooves 1, clever 1, electricity
resistance
a: no special abilities


You were on level 3 of the Dungeon.
You visited 1 branch of the dungeon, and saw 3 of its levels.

You collected 88 gold pieces.

Inventory:

Hand Weapons
 a - a +0 mace
 j - a +2 dagger of electrocution (weapon)
Missiles
 k - 21 poisoned darts (quivered)
Armour
 b - a +0 robe (worn)
Scrolls
 c - a scroll of blinking
 e - a scroll of fog
 m - a scroll of noise {unknown}
Potions
 l - a potion of curing {unknown}


   Skills:
 + Level 4.1 Fighting
 * Level 3.6 Maces & Flails
 - Level 1.0 Throwing
 - Level 2.1 Dodging
 - Level 2.4 Spellcasting
 + Level 3.4 Translocations


You had 8 spell levels left.
You didn't know any spells.
Your spell library contained the following spells:

 Spells                   Type           Power      Damage    Failure   Level
 Blink                    Tloc           N/A        N/A       7%          2
 Gell's Gravitas          Tloc           6%         N/A       14%         3
 Lesser Beckoning         Tloc           6%         N/A       14%         3
 Teleport Other           Tloc           13%        N/A       14%         3
 Manifold Assault         Tloc           13%        N/A       77%         5
 Blade Hands              Tmut           1%         N/A       99%         5
 Irradiate                Conj/Tmut      1%         3d14      99%         5
 Dragon Form              Tmut           1%         N/A       100%        7


Dungeon Overview and Level Annotations

Branches:
Dungeon (3/15)

Altars:
Sif Muna
Xom
The Shining One

Portals:
Sewer: D:3

Annotations:
D:2 Sigmund
D:3 Ijyb


Innate Abilities, Weirdness & Mutations

You are too large for most types of armour.
You have tough skin. (AC +1)
You have large cloven feet.
Your mind is acute. (Int +2)
You are resistant to electric shocks. (rElec)


Message History

You throw a boomerang of dispersal.
The boomerang of dispersal closely misses the river rat.
The boomerang of dispersal completely misses the river rat.
The river rat closely misses you.
The river rat bites you but does no damage.
Throw: 2 boomerangs (disperse)
Press: ? - help, Q - select action, (/) - cycle Shift-Dir - straight line, f/p - river rat
Aim: a river rat (heavily wounded, 52% to hit)
You throw a boomerang of dispersal.
The boomerang of dispersal hits the river rat.
The river rat blinks!
The river rat is almost dead.
Throw: boomerang (disperse)
Press: ? - help, Q - select action, (/) - cycle Shift-Dir - straight line, f/p - river rat
Aim: a river rat (almost dead, 52% to hit)
You throw a boomerang of dispersal.
The boomerang of dispersal closely misses the river rat.
The boomerang of dispersal barely misses the river rat.
The river rat bites you!
* * * LOW HITPOINT WARNING * * *
The river rat barely misses you.
Throw: 22 darts (poison)
Press: ? - help, Q - select action Shift-Dir - straight line, f/p - river rat
Aim: a river rat (almost dead, 52% to hit)
You throw a poisoned dart. The poisoned dart hits the river rat.
The river rat is poisoned.
The river rat bites you.
* * * LOW HITPOINT WARNING * * *
It was a potion of magic.
Magic courses through your body.
The river rat bites you but does no damage.
The river rat looks more healthy.
It was a potion of mutation.
You feel extremely strange.
You feel clever.
Your feet thicken and deform.
You feel insulated. The river rat closely misses you.
It was a potion of attraction.
You feel attractive to monsters. The river rat bites you.
* * * LOW HITPOINT WARNING * * *
It was a potion of haste.
You feel yourself speed up. The river rat bites you.
You die...

#.##.#.≈≈°≈§.#
###.##..)≈≈☼§○.#
#....##..≈≈☼≈§.##
#........≈§≈≈≈...
#....#...≈○≈≈≈..#
#....#...........
##....#.......#.##
#..........#..#.#
#@########.##.#.#
#r# #>##.#.## #r#
#.##.#..# #.#
#.#####.# #.#
#.#.#.#.# #(#
#.#.#^#.# #.#
#.#...#.# #.######
#.'._.'.# #...r.≈#
###...###


You could see 2 river rats.

Vanquished Creatures
  2 crimson imps (D:3)
  An adder (D:3)
  2 river rats (D:3)
  A dart slug (D:1)
  An orc (D:3)
  3 bats (D:1)
  4 endoplasms
  A giant cockroach (D:2)
  4 hobgoblins
  5 jackals
  6 kobolds
  A quokka (D:1)
  5 ball pythons
  3 frilled lizards
  4 goblins (D:1)
  4 rats
47 creatures vanquished.

Notes
Turn   | Place    | Note
-------+----------+-------------------------------------------
     0 | D:1      | freelancePsychic the Ogre Warper began the quest for the
                  | Orb.
     0 | D:1      | Reached XP level 1. HP: 22/22 MP: 3/3
   455 | D:1      | Reached skill level 3 in Fighting
   455 | D:1      | Reached XP level 2. HP: 31/31 MP: 5/5
  1230 | D:1      | You fall into a shaft and drop 1 floor!
  1292 | D:2      | Found a glowing golden altar of the Shining One.
  1361 | D:2      | Reached XP level 3. HP: 32/37 MP: 6/6
  1461 | D:2      | Noticed Sigmund
  1932 | D:3      | Noticed Ijyb
  1988 | D:3      | Found a faded altar of an unknown god.
  2056 | D:3      | Found a shimmering blue altar of Sif Muna.
  2106 | D:3      | Found a shimmering altar of Xom.
  2109 | D:3      | Reached XP level 4. HP: 38/48 MP: 7/7
  2110 | D:3      | Reached skill level 4 in Fighting
  2110 | D:3      | Reached XP level 5. HP: 43/54 MP: 8/8
  2144 | D:3      | Found a glowing drain.
  2182 | D:3      | Gained mutation: Your mind is acute. (Int +2) [potion of
                  | mutation]
  2182 | D:3      | Gained mutation: You have large cloven feet. [potion of
                  | mutation]
  2182 | D:3      | Gained mutation: You are resistant to electric shocks.
                  | (rElec) [potion of mutation]
  2184 | D:3      | Slain by a river rat

Illustrated notes

Levels and vault maps discovered:
D:1:      dpeg_arrival_short_road, layout_loops_corners
D:2:      layout_basic, basic_altar, chequers_serial_rivers_room_a,
          uniq_sigmund, uniq_crazy_yiuf_cottage
D:3:      cheibrodos_pilgrimage, layout_basic, led_xom_imps,
          nicolae_sif_muna_condensation, shapermc_ecumenical_altar_mp_highgroup,
          portal_sewer_entry_b, roderic_serpentine_path, uniq_ijyb

Skill      XL: |  1  2  3  4 |
---------------+-------------+-----
Maces & Flails | 2 3 |  3.6
Fighting       | 3 4 |  4.1
Translocations | 3 |  3.4
Throwing       | |  1.0
Dodging        | |  2.1
Spellcasting   | |  2.4

Action                   |  1- 3 |  4- 6 || total
-------------------------+-------+-------++-------
Melee: Mace              |    44 |       ||    44
       Dagger            |    69 |    22 ||    91
Throw: Boomerang         |     1 |     4 ||     5
       Dart              |       |     1 ||     1
  Use: Scroll            |     4 |       ||     4
       Potion            |       |     4 ||     4
Armor: Robe              |    30 |     4 ||    34
Dodge: Dodged            |    47 |     9 ||    56
